[ AOE2 MATCH · #478568648 ]
UnrankedWei vs Portuguese
[ REPLAY ANALYSIS · EXTRACTED FROM THE RECORDED GAME ]
Feudal
12:02
Castle
27:54
Imperial
—
| APM avg | 38.5 |
| APM peak | 66 |
| eAPM avg | 16.4 |
| Villagers / military | 51 / 32 |
Focus
⚔️ 35.9% · 🌾 64.1%
Skirmisher ×16 · Scout Cavalry ×10 · Spearman ×6 · Unknown (1944) ×5
Feudal
11:05
Castle
21:33
Imperial
—
| APM avg | 67.5 |
| APM peak | 117 |
| eAPM avg | 30.0 |
| Villagers / military | 102 / 86 |
Focus
⚔️ 32.2% · 🌾 67.8%
Archer ×68 · Ghulam ×14 · Cavalry Archer ×4
Feudal
11:53
Castle
25:48
Imperial
—
| APM avg | 39.7 |
| APM peak | 65 |
| eAPM avg | 20.6 |
| Villagers / military | 71 / 36 |
Focus
⚔️ 29.6% · 🌾 70.4%
Knight ×23 · Skirmisher ×11 · Spearman ×2
Feudal
12:51
Castle
19:11
Imperial
—
| APM avg | 21.1 |
| APM peak | 39 |
| eAPM avg | 10.5 |
| Villagers / military | 73 / 35 |
Focus
⚔️ 26.8% · 🌾 73.2%
Knight ×28 · Battering Ram ×5 · Mangonel ×1 · Scout Cavalry ×1
Feudal
12:23
Castle
26:00
Imperial
—
| APM avg | 33.6 |
| APM peak | 71 |
| eAPM avg | 17.8 |
| Villagers / military | 104 / 60 |
Focus
⚔️ 26.1% · 🌾 73.9%
Archer ×36 · Scout Cavalry ×8 · Mangonel ×5 · Coustillier ×5 · Knight ×3 · Spearman ×3
Feudal
14:05
Castle
23:12
Imperial
—
| APM avg | 32.2 |
| APM peak | 68 |
| eAPM avg | 17.0 |
| Villagers / military | 84 / 7 |
Focus
⚔️ 31.1% · 🌾 68.9%
Mangonel ×3 · Spearman ×2 · Kipchak ×1 · Scorpion ×1
Feudal
13:21
Castle
16:51
Imperial
—
| APM avg | 62.2 |
| APM peak | 145 |
| eAPM avg | 26.4 |
| Villagers / military | 82 / 74 |
Focus
⚔️ 38.1% · 🌾 61.9%
Archer ×68 · Spearman ×4 · Skirmisher ×2
Feudal
14:35
Castle
26:40
Imperial
—
| APM avg | 34.8 |
| APM peak | 69 |
| eAPM avg | 11.4 |
| Villagers / military | 59 / 58 |
Focus
⚔️ 37.5% · 🌾 62.5%
Archer ×42 · Militia ×7 · Battering Ram ×4 · Knight ×3 · Scout Cavalry ×2
Match map
Initial resources + every placement click. Lines = walls · curves = elevation contours. ◆ gold · ⬟ stone · ● berries · ✦ relic · ◌ wall gap
Your base· Open — 4t gap
JamesGoldAA's base· Open — unwalled flank
Budd1st's base· Open — unwalled flank
Nezdeshni's base· Open — unwalled flank
Кислый's base· Open — 2t gap
The FroZen BlaDe's base· Open — 14t gap
B3RS3RK's base· Open — unwalled flank
Kensei-剣聖. Paulie's base· Open — unwalled flank
Smoothed initial terrain · ◌ = detected wall gap · hover for details
Inputs per minute
— Wintorez_v3.0.2 - - JamesGoldAA
Build order — Wintorez_v3.0.2
147 actions detected in the replay
| 0:06 | Build | Town Center |
| 2:21 | Create | Villager (Male) |
| 2:21 | Create | Villager (Male) |
| 2:22 | Create | Villager (Male) |
| 2:22 | Create | Villager (Male) |
| 3:16 | Build | House |
| 3:19 | Research | Loom |
| 3:26 | Create | Villager (Male) |
| 3:26 | Create | Villager (Male) |
| 3:26 | Create | Villager (Male) |
| 4:30 | Create | Villager (Male) |
| 4:41 | Build | House |
| 4:54 | Create | Villager (Male) |
| 5:41 | Create | Villager (Male) |
| 5:41 | Create | Villager (Male) |
| 5:41 | Create | Villager (Male) |
| 5:53 | Create | Villager (Male) |
| 6:04 | Build | House |
| 6:46 | Build | Lumber Camp |
| 7:01 | Build | Palisade Wall |
| 7:05 | Build | Palisade Wall |
| 7:09 | Create | Villager (Male) |
| 7:30 | Build | House |
| 7:43 | Create | Villager (Male) |
| 8:04 | Create | Villager (Male) |
| 8:04 | Create | Villager (Male) |
| 8:56 | Create | Villager (Male) |
| 9:13 | Build | Mill |
| 9:16 | Create | Villager (Male) |
| 9:38 | Build | House |
| 9:52 | Research | Feudal Age |
| 9:52 | Research | Feudal Age |
| 9:54 | Build | House |
| 10:07 | Build | House |
| 10:50 | Build | Palisade Wall |
| 11:13 | Build | Barracks |
| 11:20 | Create | Villager (Male) |
| 12:02 | Age | Feudal Age |
| 12:07 | Build | Stable |
| 12:09 | Build | House |
| 12:16 | Research | Double-Bit Axe |
| 12:18 | Create | Villager (Male) |
| 12:30 | Create | Villager (Male) |
| 12:33 | Create | Spearman |
| 12:38 | Build | House |
| 12:46 | Create | Scout Cavalry |
| 12:47 | Create | Scout Cavalry |
| 13:08 | Create | Villager (Male) |
| 13:30 | Build | Blacksmith |
| 13:37 | Create | Scout Cavalry |
| 13:41 | Create | Villager (Male) |
| 14:02 | Create | Scout Cavalry |
| 14:13 | Build | Archery Range |
| 14:20 | Create | Villager (Male) |
| 14:21 | Create | Scout Cavalry |
| 14:39 | Research | Fletching |
| 14:42 | Create | Villager (Male) |
| 15:03 | Create | Villager (Male) |
| 15:04 | Create | Skirmisher |
| 15:04 | Create | Skirmisher |
| 15:08 | Build | House |
| 15:24 | Create | Villager (Male) |
| 15:30 | Research | Horse Collar |
| 15:33 | Build | Farm |
| 15:37 | Create | Skirmisher |
| 15:47 | Build | Palisade Wall |
| 15:49 | Create | Skirmisher |
| 16:05 | Create | Villager (Male) |
| 16:05 | Create | Villager (Male) |
| 16:07 | Create | Skirmisher |
| 16:23 | Research | Padded Archer Armor |
| 16:33 | Create | Villager (Male) |
| 16:41 | Build | Farm |
| 16:43 | Build | Farm |
| 16:46 | Build | Farm |
| 16:54 | Create | Skirmisher |
| 17:01 | Create | Skirmisher |
| 17:25 | Create | Villager (Male) |
| 17:27 | Create | Villager (Male) |
| 17:41 | Build | Farm |
| 17:43 | Create | Skirmisher |
| 17:47 | Create | Villager (Male) |
| 18:28 | Create | Villager (Male) |
| 18:37 | Build | Watch Tower |
| 18:53 | Build | Market |
| 19:01 | Create | Scout Cavalry |
| 19:09 | Create | Scout Cavalry |
| 19:10 | Create | Villager (Male) |
| 19:36 | Create | Villager (Male) |
| 19:37 | Create | Villager (Male) |
| 19:43 | Create | Spearman |
| 20:01 | Create | Skirmisher |
| 20:02 | Create | Skirmisher |
| 20:02 | Create | Villager (Male) |
| 20:21 | Create | Villager (Male) |
| 20:22 | Create | Spearman |
| 20:32 | Create | Spearman |
| 20:33 | Create | Villager (Male) |
| 20:44 | Build | Farm |
| 20:48 | Build | Mining Camp |
| 20:50 | Create | Scout Cavalry |
| 20:53 | Create | Spearman |
| 21:00 | Create | Skirmisher |
| 21:15 | Create | Skirmisher |
| 21:15 | Create | Villager (Male) |
| 21:51 | Build | House |
| 22:05 | Create | Skirmisher |
| 22:05 | Create | Skirmisher |
| 22:07 | Create | Scout Cavalry |
| 22:29 | Create | Villager (Male) |
| 22:54 | Create | Scout Cavalry |
| 23:17 | Create | Skirmisher |
| 23:19 | Create | Villager (Male) |
| 23:41 | Build | Outpost |
| 23:41 | Create | Villager (Male) |
| 23:49 | Build | House |
| 23:51 | Build | Farm |
| 23:54 | Build | Farm |
| 24:03 | Research | Town Watch |
| 24:34 | Create | Villager (Male) |
| 24:50 | Build | House |
| 25:14 | Research | Castle Age |
| 25:20 | Build | Farm |
| 25:25 | Build | Farm |
| 25:26 | Build | Farm |
| 25:50 | Build | Farm |
| 25:55 | Create | Skirmisher |
| 25:59 | Create | Spearman |
| 27:03 | Build | House |
| 27:32 | Create | Villager (Male) |
| 27:54 | Age | Castle Age |
| 27:58 | Research | Scale Barding Armor |
| 28:00 | Create | Unit 1944 |
| 28:00 | Create | Unit 1944 |
| 28:10 | Build | Town Center |
| 28:23 | Build | Stable |
| 28:35 | Create | Unit 1944 |
| 28:54 | Research | Chain Barding Armor |
| 29:05 | Create | Villager (Male) |
| 29:33 | Create | Unit 1944 |
| 31:08 | Build | Town Center |
| 31:31 | Build | Town Center |
| 32:17 | Build | Mill |
| 32:34 | Create | Villager (Male) |
| 33:17 | Create | Unit 1944 |
| 33:25 | Create | Villager (Male) |
| 33:25 | Create | Villager (Male) |
Build order — JamesGoldAA
First 150 of 267 actions detected
| 0:11 | Build | Town Center |
| 1:33 | Build | House |
| 2:10 | Create | Villager (Male) |
| 2:10 | Create | Villager (Male) |
| 2:10 | Create | Villager (Male) |
| 2:11 | Create | Villager (Male) |
| 3:06 | Create | Villager (Male) |
| 3:07 | Create | Villager (Male) |
| 3:15 | Build | House |
| 3:44 | Create | Villager (Male) |
| 3:57 | Create | Villager (Male) |
| 4:12 | Build | Lumber Camp |
| 4:16 | Create | Villager (Male) |
| 4:18 | Build | House |
| 4:35 | Create | Villager (Male) |
| 4:51 | Create | Villager (Male) |
| 5:20 | Create | Villager (Male) |
| 5:29 | Build | House |
| 5:35 | Create | Villager (Male) |
| 5:35 | Create | Villager (Male) |
| 5:43 | Build | House |
| 5:58 | Create | Villager (Male) |
| 5:58 | Create | Villager (Male) |
| 6:01 | Build | House |
| 6:29 | Build | House |
| 6:32 | Create | Villager (Male) |
| 6:39 | Create | Villager (Male) |
| 6:57 | Create | Villager (Male) |
| 7:08 | Build | Mill |
| 7:20 | Build | Mill |
| 7:24 | Build | House |
| 7:56 | Create | Villager (Male) |
| 8:06 | Create | Villager (Male) |
| 8:09 | Research | Loom |
| 8:36 | Build | House |
| 8:50 | Build | House |
| 8:55 | Research | Feudal Age |
| 8:55 | Research | Feudal Age |
| 9:30 | Build | Barracks |
| 9:44 | Create | Villager (Male) |
| 9:47 | Build | House |
| 10:34 | Create | Villager (Male) |
| 11:05 | Age | Feudal Age |
| 11:06 | Build | Archery Range |
| 11:26 | Build | Blacksmith |
| 11:39 | Create | Villager (Male) |
| 11:41 | Research | Double-Bit Axe |
| 11:47 | Create | Villager (Male) |
| 11:51 | Build | Palisade Wall |
| 11:52 | Build | Palisade Wall |
| 12:00 | Create | Villager (Male) |
| 12:02 | Create | Archer |
| 12:13 | Research | Fletching |
| 12:14 | Research | Fletching |
| 12:21 | Create | Archer |
| 12:28 | Build | Palisade Wall |
| 12:31 | Build | Palisade Wall |
| 12:35 | Create | Villager (Male) |
| 12:39 | Build | House |
| 12:51 | Create | Villager (Male) |
| 12:51 | Create | Archer |
| 13:12 | Create | Villager (Male) |
| 13:47 | Create | Archer |
| 14:07 | Create | Archer |
| 14:08 | Create | Villager (Male) |
| 14:09 | Create | Archer |
| 14:14 | Build | Archery Range |
| 14:23 | Create | Villager (Male) |
| 14:39 | Create | Villager (Male) |
| 14:53 | Build | Farm |
| 14:54 | Build | Farm |
| 15:34 | Create | Archer |
| 15:34 | Create | Archer |
| 15:35 | Create | Villager (Male) |
| 15:36 | Create | Villager (Male) |
| 15:51 | Build | House |
| 15:58 | Create | Archer |
| 16:03 | Create | Villager (Male) |
| 16:04 | Create | Archer |
| 16:29 | Create | Villager (Male) |
| 16:29 | Create | Villager (Male) |
| 16:31 | Build | Farm |
| 16:33 | Build | Farm |
| 16:35 | Build | Farm |
| 16:45 | Create | Archer |
| 16:46 | Create | Archer |
| 16:51 | Build | House |
| 16:52 | Build | House |
| 17:02 | Create | Villager (Male) |
| 17:06 | Create | Villager (Male) |
| 17:07 | Build | Farm |
| 17:09 | Build | Farm |
| 17:22 | Create | Archer |
| 17:22 | Create | Archer |
| 17:36 | Create | Archer |
| 17:50 | Create | Villager (Male) |
| 17:51 | Create | Archer |
| 17:51 | Create | Archer |
| 17:54 | Build | House |
| 18:04 | Create | Villager (Male) |
| 18:04 | Create | Archer |
| 18:04 | Create | Archer |
| 18:08 | Build | Farm |
| 18:25 | Create | Archer |
| 18:27 | Create | Villager (Male) |
| 18:53 | Research | Castle Age |
| 18:57 | Research | Horse Collar |
| 19:19 | Create | Archer |
| 19:19 | Create | Archer |
| 19:27 | Build | House |
| 19:27 | Build | House |
| 19:31 | Create | Archer |
| 19:32 | Create | Archer |
| 19:50 | Create | Archer |
| 19:52 | Create | Villager (Male) |
| 20:31 | Create | Archer |
| 20:31 | Create | Archer |
| 20:53 | Create | Archer |
| 20:53 | Create | Archer |
| 21:01 | Create | Villager (Male) |
| 21:04 | Create | Archer |
| 21:04 | Create | Archer |
| 21:13 | Create | Archer |
| 21:18 | Build | Market |
| 21:33 | Age | Castle Age |
| 21:38 | Research | Crossbowman (upgrade) |
| 21:57 | Research | Bodkin Arrow |
| 22:05 | Create | Archer |
| 22:07 | Create | Villager (Male) |
| 22:33 | Create | Archer |
| 22:35 | Create | Villager (Male) |
| 22:43 | Build | Town Center |
| 23:03 | Create | Archer |
| 23:05 | Create | Villager (Male) |
| 23:08 | Create | Archer |
| 23:08 | Create | Archer |
| 23:15 | Build | Town Center |
| 23:18 | Create | Villager (Male) |
| 23:18 | Create | Villager (Male) |
| 23:19 | Create | Villager (Male) |
| 23:25 | Create | Archer |
| 23:26 | Create | Archer |
| 23:37 | Create | Archer |
| 23:37 | Create | Archer |
| 23:50 | Create | Archer |
| 23:51 | Create | Archer |
| 24:08 | Create | Archer |
| 24:09 | Create | Villager (Male) |
| 24:09 | Create | Villager (Male) |
| 24:09 | Create | Villager (Male) |
Build order — Budd1st
First 150 of 205 actions detected
| 0:13 | Build | Town Center |
| 1:20 | Build | Palisade Wall |
| 1:23 | Build | Palisade Wall |
| 1:48 | Build | House |
| 2:38 | Create | Villager (Male) |
| 2:38 | Create | Villager (Male) |
| 2:38 | Create | Villager (Male) |
| 2:39 | Create | Villager (Male) |
| 2:39 | Create | Villager (Male) |
| 3:19 | Build | House |
| 3:29 | Create | Villager (Male) |
| 3:34 | Build | House |
| 3:45 | Build | House |
| 4:34 | Create | Villager (Male) |
| 4:35 | Create | Villager (Male) |
| 4:35 | Create | Villager (Male) |
| 4:47 | Build | House |
| 5:03 | Build | House |
| 5:19 | Build | House |
| 5:24 | Research | Loom |
| 5:28 | Build | House |
| 5:36 | Build | House |
| 5:52 | Create | Villager (Male) |
| 5:52 | Create | Villager (Male) |
| 6:03 | Create | Villager (Male) |
| 6:06 | Build | Lumber Camp |
| 6:40 | Create | Villager (Male) |
| 6:48 | Build | House |
| 6:50 | Build | Palisade Wall |
| 7:22 | Create | Villager (Male) |
| 7:22 | Create | Villager (Male) |
| 7:44 | Create | Villager (Male) |
| 7:54 | Build | House |
| 8:39 | Create | Villager (Male) |
| 8:57 | Build | Mill |
| 9:00 | Create | Villager (Male) |
| 9:39 | Research | Feudal Age |
| 10:05 | Create | Villager (Male) |
| 10:34 | Create | Villager (Male) |
| 10:38 | Build | Mining Camp |
| 10:47 | Build | House |
| 11:05 | Build | Palisade Gate |
| 11:53 | Age | Feudal Age |
| 12:11 | Build | Barracks |
| 12:16 | Build | Palisade Wall |
| 12:31 | Create | Villager (Male) |
| 12:55 | Create | Villager (Male) |
| 13:02 | Build | House |
| 13:36 | Build | Archery Range |
| 13:49 | Create | Villager (Male) |
| 14:01 | Create | Villager (Male) |
| 14:13 | Research | Double-Bit Axe |
| 14:17 | Build | House |
| 14:19 | Build | Palisade Wall |
| 14:25 | Create | Skirmisher |
| 14:41 | Create | Skirmisher |
| 14:42 | Create | Villager (Male) |
| 14:43 | Create | Villager (Male) |
| 14:43 | Create | Villager (Male) |
| 15:19 | Create | Skirmisher |
| 15:36 | Build | Blacksmith |
| 15:43 | Create | Skirmisher |
| 15:59 | Create | Skirmisher |
| 16:10 | Research | Wheelbarrow |
| 16:12 | Create | Villager (Male) |
| 16:21 | Create | Villager (Male) |
| 16:41 | Create | Skirmisher |
| 16:43 | Research | Padded Archer Armor |
| 16:47 | Build | Farm |
| 16:51 | Build | Farm |
| 17:00 | Build | Farm |
| 17:20 | Create | Villager (Male) |
| 17:35 | Build | Farm |
| 17:37 | Build | Farm |
| 17:38 | Build | Farm |
| 17:46 | Create | Skirmisher |
| 17:47 | Create | Villager (Male) |
| 17:49 | Build | House |
| 18:02 | Create | Skirmisher |
| 18:04 | Research | Fletching |
| 18:24 | Create | Villager (Male) |
| 18:38 | Build | Palisade Wall |
| 18:39 | Build | Palisade Wall |
| 19:19 | Create | Villager (Male) |
| 19:24 | Create | Skirmisher |
| 19:30 | Create | Villager (Male) |
| 19:34 | Build | House |
| 19:34 | Build | House |
| 19:38 | Create | Skirmisher |
| 19:40 | Create | Villager (Male) |
| 19:48 | Build | Farm |
| 20:15 | Create | Villager (Male) |
| 20:16 | Build | Farm |
| 20:30 | Create | Skirmisher |
| 20:48 | Create | Villager (Male) |
| 20:50 | Build | Farm |
| 20:51 | Build | Farm |
| 21:01 | Create | Villager (Male) |
| 21:15 | Build | Farm |
| 21:34 | Create | Spearman |
| 21:42 | Build | Farm |
| 22:05 | Build | Market |
| 22:12 | Create | Villager (Male) |
| 22:16 | Build | Farm |
| 22:35 | Build | Stable |
| 22:42 | Build | Palisade Wall |
| 22:50 | Build | Palisade Wall |
| 22:52 | Build | Palisade Wall |
| 22:54 | Build | Palisade Wall |
| 22:55 | Build | Palisade Wall |
| 23:01 | Create | Villager (Male) |
| 23:05 | Create | Spearman |
| 23:08 | Research | Castle Age |
| 23:40 | Build | Stable |
| 23:55 | Create | Villager (Male) |
| 24:33 | Create | Villager (Male) |
| 24:36 | Build | Farm |
| 24:53 | Research | Scale Barding Armor |
| 24:55 | Research | Bloodlines |
| 24:56 | Create | Villager (Male) |
| 24:58 | Research | Horse Collar |
| 25:48 | Age | Castle Age |
| 25:52 | Research | Husbandry |
| 25:52 | Create | Knight |
| 26:07 | Create | Knight |
| 26:09 | Create | Villager (Male) |
| 26:29 | Create | Knight |
| 26:48 | Build | Farm |
| 27:00 | Build | Farm |
| 27:00 | Build | Mill |
| 27:02 | Create | Villager (Male) |
| 27:06 | Build | House |
| 27:07 | Build | House |
| 27:07 | Build | House |
| 27:18 | Build | Farm |
| 27:34 | Build | Farm |
| 27:37 | Build | Farm |
| 27:44 | Create | Villager (Male) |
| 27:46 | Build | Farm |
| 28:01 | Build | Town Center |
| 28:05 | Build | Lumber Camp |
| 28:06 | Create | Villager (Male) |
| 28:07 | Create | Knight |
| 28:07 | Create | Knight |
| 28:11 | Build | Farm |
| 28:13 | Create | Knight |
| 28:27 | Research | Chain Barding Armor |
| 28:53 | Create | Villager (Male) |
| 28:56 | Create | Villager (Male) |
| 28:58 | Build | Farm |
Build order — Nezdeshni
109 actions detected in the replay
| 0:32 | Build | Town Center |
| 2:41 | Build | House |
| 2:55 | Create | Villager (Male) ×5 |
| 4:21 | Build | Lumber Camp |
| 4:54 | Research | Loom |
| 5:04 | Create | Villager (Male) ×3 |
| 5:40 | Build | House |
| 6:10 | Build | House |
| 6:11 | Build | House |
| 6:15 | Build | House |
| 6:34 | Create | Villager (Male) ×4 |
| 8:18 | Create | Villager (Male) ×5 |
| 8:21 | Build | House |
| 8:24 | Build | Palisade Wall |
| 8:26 | Build | Palisade Gate |
| 8:33 | Build | House |
| 9:30 | Build | House |
| 10:03 | Build | Mining Camp |
| 10:08 | Build | House |
| 10:47 | Research | Feudal Age |
| 11:06 | Build | Mill |
| 11:20 | Build | Barracks |
| 11:22 | Build | House |
| 11:28 | Build | House |
| 12:50 | Create | Villager (Male) ×5 |
| 12:51 | Age | Feudal Age |
| 12:58 | Build | Stable |
| 13:17 | Research | Double-Bit Axe |
| 13:53 | Create | Scout Cavalry |
| 14:39 | Create | Villager (Male) |
| 14:39 | Create | Villager (Male) |
| 15:06 | Build | Blacksmith |
| 15:08 | Build | House |
| 15:10 | Build | Palisade Wall |
| 15:17 | Create | Villager (Male) |
| 15:55 | Create | Villager (Male) |
| 16:33 | Build | Palisade Gate |
| 16:46 | Research | Castle Age |
| 17:37 | Build | Stable |
| 17:47 | Research | Scale Barding Armor |
| 17:50 | Research | Bloodlines |
| 19:00 | Research | Forging |
| 19:03 | Create | Villager (Male) |
| 19:03 | Create | Villager (Male) |
| 19:11 | Age | Castle Age |
| 19:14 | Build | Town Center |
| 19:28 | Create | Knight ×2 |
| 20:09 | Create | Villager (Male) |
| 20:56 | Create | Villager (Male) ×5 |
| 21:20 | Build | Town Center |
| 21:34 | Create | Knight ×4 |
| 21:57 | Create | Knight |
| 22:03 | Create | Villager (Male) |
| 22:06 | Build | Farm |
| 22:29 | Create | Villager (Male) |
| 22:47 | Create | Villager (Male) ×3 |
| 23:36 | Create | Knight |
| 23:45 | Build | Farm |
| 23:47 | Build | Farm |
| 23:48 | Build | Farm |
| 24:15 | Create | Villager (Male) ×3 |
| 24:21 | Create | Villager (Male) |
| 24:47 | Build | Farm |
| 24:48 | Build | Farm |
| 24:50 | Build | Farm |
| 24:50 | Build | Farm |
| 24:53 | Build | Farm |
| 24:54 | Build | Farm |
| 24:55 | Build | Farm |
| 24:56 | Build | Farm |
| 24:58 | Build | Farm |
| 25:00 | Build | Farm |
| 25:30 | Research | Chain Barding Armor |
| 26:15 | Research | Husbandry |
| 26:27 | Create | Knight ×2 |
| 26:34 | Build | Farm |
| 26:46 | Create | Knight |
| 26:51 | Create | Villager (Male) ×3 |
| 26:57 | Create | Villager (Male) |
| 27:41 | Create | Knight |
| 27:57 | Build | Castle |
| 28:04 | Create | Knight |
| 28:32 | Create | Villager (Male) ×5 |
| 28:34 | Research | Gold Mining |
| 28:59 | Research | Fletching |
| 29:11 | Create | Knight |
| 29:14 | Create | Villager (Male) ×5 |
| 29:35 | Build | Town Center |
| 29:39 | Build | Siege Workshop |
| 29:52 | Create | Knight |
| 30:00 | Create | Battering Ram |
| 30:25 | Create | Knight |
| 30:30 | Create | Battering Ram |
| 30:30 | Create | Battering Ram |
| 30:45 | Create | Villager (Male) ×5 |
| 31:04 | Create | Battering Ram |
| 31:15 | Research | Wheelbarrow |
| 31:16 | Research | Town Watch |
| 31:40 | Create | Battering Ram |
| 31:54 | Create | Villager (Male) ×4 |
| 32:01 | Create | Mangonel |
| 32:28 | Create | Knight ×2 |
| 32:51 | Create | Knight ×2 |
| 33:16 | Create | Knight ×3 |
| 33:53 | Create | Knight ×3 |
| 34:24 | Create | Knight ×2 |
| 34:37 | Create | Villager (Male) ×5 |
| 34:40 | Create | Villager (Male) |
| 34:40 | Create | Villager (Male) |
Build order — Кислый
First 150 of 274 actions detected
| 0:15 | Build | Town Center |
| 2:41 | Build | House |
| 2:46 | Create | Villager (Male) |
| 2:46 | Create | Villager (Male) |
| 2:46 | Create | Villager (Male) |
| 2:47 | Create | Villager (Male) |
| 3:40 | Create | Villager (Male) |
| 3:40 | Create | Villager (Male) |
| 3:44 | Build | House |
| 4:52 | Create | Villager (Male) |
| 4:52 | Create | Villager (Male) |
| 5:01 | Build | House |
| 5:03 | Build | House |
| 5:05 | Build | Lumber Camp |
| 5:22 | Build | House |
| 5:37 | Create | Villager (Male) |
| 5:37 | Create | Villager (Male) |
| 5:38 | Create | Villager (Male) |
| 5:40 | Build | House |
| 5:54 | Create | Villager (Male) |
| 5:55 | Create | Villager (Male) |
| 5:57 | Build | House |
| 6:27 | Create | Villager (Male) |
| 6:27 | Create | Villager (Male) |
| 6:53 | Create | Villager (Male) |
| 6:53 | Create | Villager (Male) |
| 7:05 | Create | Villager (Male) |
| 7:05 | Create | Villager (Male) |
| 7:36 | Create | Villager (Male) |
| 7:36 | Create | Villager (Male) |
| 7:36 | Create | Villager (Male) |
| 7:50 | Research | Double-Bit Axe |
| 7:52 | Create | Villager (Male) |
| 7:52 | Create | Villager (Male) |
| 8:04 | Build | Mill |
| 8:20 | Create | Villager (Male) |
| 8:20 | Create | Villager (Male) |
| 8:47 | Build | House |
| 9:00 | Create | Villager (Male) |
| 9:00 | Create | Villager (Male) |
| 9:03 | Build | House |
| 9:17 | Build | House |
| 9:30 | Build | House |
| 9:45 | Build | House |
| 9:53 | Research | Loom |
| 10:13 | Research | Feudal Age |
| 10:22 | Build | Barracks |
| 10:32 | Build | House |
| 11:09 | Create | Villager (Male) |
| 11:10 | Create | Villager (Male) |
| 11:29 | Build | Mining Camp |
| 12:23 | Age | Feudal Age |
| 12:27 | Build | Archery Range |
| 12:29 | Research | Bow Saw |
| 12:32 | Build | House |
| 12:34 | Build | House |
| 12:40 | Create | Spearman |
| 12:50 | Create | Villager (Male) |
| 12:50 | Create | Villager (Male) |
| 13:03 | Research | Gold Mining |
| 13:09 | Create | Archer |
| 13:17 | Create | Archer |
| 13:43 | Build | Blacksmith |
| 13:53 | Create | Spearman |
| 14:04 | Create | Archer |
| 14:07 | Create | Villager (Male) |
| 14:07 | Create | Villager (Male) |
| 14:13 | Create | Spearman |
| 14:16 | Build | Palisade Gate |
| 14:18 | Build | House |
| 14:20 | Build | House |
| 14:25 | Build | Palisade Wall |
| 14:27 | Build | Palisade Wall |
| 14:29 | Create | Villager (Male) |
| 14:40 | Create | Archer |
| 15:11 | Build | Palisade Wall |
| 15:12 | Build | Palisade Wall |
| 15:19 | Create | Villager (Male) |
| 15:21 | Create | Archer |
| 15:24 | Build | Archery Range |
| 15:30 | Build | Farm |
| 15:32 | Build | Farm |
| 15:33 | Build | Farm |
| 15:37 | Create | Archer |
| 15:38 | Create | Villager (Male) |
| 15:52 | Build | House |
| 16:09 | Create | Archer |
| 16:10 | Create | Villager (Male) |
| 16:17 | Build | Farm |
| 16:24 | Create | Archer |
| 16:28 | Create | Archer |
| 16:39 | Create | Villager (Male) |
| 16:42 | Build | Farm |
| 16:50 | Research | Fletching |
| 17:00 | Create | Archer |
| 17:01 | Create | Archer |
| 17:06 | Create | Villager (Male) |
| 17:14 | Build | Stable |
| 17:23 | Create | Archer |
| 17:26 | Create | Villager (Male) |
| 17:35 | Create | Villager (Male) |
| 17:43 | Create | Archer |
| 17:43 | Create | Archer |
| 18:12 | Create | Scout Cavalry |
| 18:40 | Build | Farm |
| 18:40 | Create | Villager (Male) |
| 18:44 | Create | Archer |
| 18:44 | Create | Villager (Male) |
| 18:55 | Create | Villager (Male) |
| 19:04 | Create | Scout Cavalry |
| 19:09 | Create | Scout Cavalry |
| 19:13 | Build | House |
| 19:52 | Create | Villager (Male) |
| 19:56 | Create | Villager (Male) |
| 20:18 | Create | Villager (Male) |
| 20:31 | Create | Scout Cavalry |
| 20:32 | Create | Villager (Male) |
| 20:32 | Create | Villager (Male) |
| 20:34 | Create | Archer |
| 20:34 | Create | Archer |
| 20:54 | Build | Mining Camp |
| 20:55 | Build | Farm |
| 20:56 | Build | Farm |
| 20:56 | Build | Farm |
| 20:56 | Build | Farm |
| 20:56 | Build | Farm |
| 20:57 | Build | Farm |
| 20:58 | Create | Villager (Male) |
| 20:59 | Create | Villager (Male) |
| 21:19 | Create | Archer |
| 21:19 | Create | Archer |
| 21:20 | Create | Archer |
| 21:48 | Create | Archer |
| 21:49 | Create | Villager (Male) |
| 22:18 | Create | Villager (Male) |
| 22:19 | Create | Scout Cavalry |
| 22:23 | Build | Market |
| 22:27 | Create | Villager (Male) |
| 22:43 | Build | Lumber Camp |
| 23:17 | Research | Castle Age |
| 23:30 | Research | Gold Shaft Mining |
| 23:32 | Create | Archer |
| 23:48 | Create | Scout Cavalry |
| 23:49 | Create | Villager (Male) |
| 23:54 | Build | House |
| 23:55 | Build | House |
| 23:58 | Build | Mining Camp |
| 24:38 | Create | Scout Cavalry |
| 24:39 | Create | Archer |
| 24:39 | Create | Archer |
Build order — The FroZen BlaDe
138 actions detected in the replay
| 0:21 | Build | Town Center |
| 1:45 | Build | House |
| 1:47 | Build | House |
| 2:39 | Create | Villager (Male) |
| 2:40 | Create | Villager (Male) |
| 2:40 | Create | Villager (Male) |
| 2:40 | Create | Villager (Male) |
| 3:44 | Create | Villager (Male) |
| 3:44 | Create | Villager (Male) |
| 4:27 | Research | Loom |
| 4:49 | Build | House |
| 5:09 | Create | Villager (Male) ×2 |
| 5:09 | Create | Villager (Male) |
| 5:47 | Create | Villager (Male) |
| 5:47 | Create | Villager (Male) |
| 6:26 | Create | Villager (Male) |
| 6:26 | Create | Villager (Male) |
| 6:26 | Create | Villager (Male) |
| 6:27 | Create | Villager (Male) |
| 6:40 | Build | Lumber Camp |
| 6:44 | Create | Villager (Male) |
| 6:44 | Create | Villager (Male) |
| 7:19 | Create | Villager (Male) |
| 7:19 | Create | Villager (Male) |
| 7:50 | Build | House |
| 8:12 | Create | Villager (Male) |
| 8:13 | Create | Villager (Male) |
| 8:41 | Create | Villager (Male) |
| 8:41 | Create | Villager (Male) |
| 8:49 | Create | Villager (Male) |
| 8:49 | Create | Villager (Male) |
| 9:00 | Build | House |
| 9:04 | Build | House |
| 9:15 | Create | Villager (Male) |
| 9:15 | Create | Villager (Male) |
| 10:04 | Create | Villager (Male) ×5 |
| 10:05 | Create | Villager (Male) ×3 |
| 10:05 | Create | Villager (Male) ×3 |
| 10:19 | Build | Mill |
| 10:34 | Create | Villager (Male) |
| 10:55 | Create | Villager (Male) |
| 11:04 | Build | Mining Camp |
| 11:10 | Create | Villager (Male) |
| 11:48 | Research | Feudal Age |
| 12:34 | Create | Villager (Male) |
| 12:34 | Create | Villager (Male) |
| 14:05 | Age | Feudal Age |
| 14:11 | Create | Villager (Male) |
| 14:47 | Create | Villager (Male) |
| 15:21 | Build | Town Center |
| 15:51 | Create | Villager (Male) |
| 15:51 | Create | Villager (Male) |
| 15:52 | Create | Villager (Male) |
| 16:16 | Create | Villager (Male) |
| 16:16 | Create | Villager (Male) |
| 17:00 | Build | House |
| 17:07 | Create | Villager (Male) |
| 17:08 | Create | Villager (Male) |
| 17:08 | Create | Villager (Male) |
| 17:09 | Create | Villager (Male) |
| 17:09 | Create | Villager (Male) |
| 17:09 | Create | Villager (Male) |
| 17:09 | Create | Villager (Male) |
| 17:23 | Build | House |
| 17:30 | Create | Villager (Male) |
| 18:07 | Create | Villager (Male) |
| 18:25 | Create | Villager (Male) |
| 18:25 | Create | Villager (Male) |
| 19:32 | Build | Market |
| 19:51 | Build | Blacksmith |
| 20:32 | Research | Castle Age |
| 20:56 | Create | Villager (Male) |
| 20:56 | Create | Villager (Male) |
| 20:56 | Create | Villager (Male) |
| 20:57 | Create | Villager (Male) |
| 20:57 | Create | Villager (Male) |
| 21:36 | Build | Watch Tower |
| 23:12 | Age | Castle Age |
| 23:15 | Build | House |
| 23:17 | Create | Villager (Male) |
| 23:18 | Create | Villager (Male) |
| 23:38 | Build | Siege Workshop |
| 24:17 | Create | Mangonel |
| 24:35 | Build | House |
| 25:00 | Research | Double-Bit Axe |
| 26:04 | Create | Villager (Male) |
| 26:05 | Create | Villager (Male) |
| 26:05 | Create | Villager (Male) |
| 26:05 | Create | Villager (Male) |
| 26:34 | Create | Scorpion |
| 26:54 | Build | Barracks |
| 27:45 | Build | Castle |
| 28:47 | Build | Stable |
| 28:56 | Research | Wheelbarrow |
| 28:56 | Create | Villager (Male) |
| 28:57 | Create | Villager (Male) |
| 28:57 | Create | Villager (Male) |
| 29:01 | Build | House |
| 29:38 | Build | Farm |
| 29:38 | Build | Farm |
| 29:39 | Build | Farm |
| 29:39 | Build | Farm |
| 29:39 | Build | Farm |
| 29:39 | Build | Farm |
| 30:03 | Build | Lumber Camp |
| 30:23 | Build | Town Center |
| 31:02 | Create | Spearman |
| 31:02 | Create | Spearman |
| 31:52 | Create | Mangonel |
| 31:52 | Create | Mangonel |
| 32:53 | Build | Farm |
| 32:53 | Build | Farm |
| 32:53 | Build | Farm |
| 32:54 | Build | Farm |
| 32:54 | Build | Farm |
| 32:54 | Build | Farm |
| 32:54 | Build | Farm |
| 32:58 | Create | Kipchak |
| 32:58 | Create | Villager (Male) |
| 33:09 | Create | Villager (Male) |
| 33:09 | Create | Villager (Male) |
| 33:10 | Create | Villager (Male) |
| 33:10 | Create | Villager (Male) |
| 33:10 | Create | Villager (Male) |
| 33:36 | Build | Farm |
| 33:37 | Build | Farm |
| 33:37 | Build | Farm |
| 33:37 | Build | Farm |
| 34:10 | Build | Farm |
| 34:10 | Build | Farm |
| 34:10 | Build | Farm |
| 34:15 | Build | Farm |
| 34:16 | Build | Farm |
| 34:16 | Build | Farm |
| 34:16 | Build | Farm |
| 34:35 | Create | Villager (Male) |
| 34:36 | Create | Villager (Male) |
| 34:36 | Create | Villager (Male) |
Build order — B3RS3RK
First 150 of 241 actions detected
| 0:25 | Build | Town Center |
| 2:22 | Build | House |
| 2:30 | Create | Villager (Male) |
| 2:31 | Create | Villager (Male) |
| 2:31 | Create | Villager (Male) |
| 2:31 | Create | Villager (Male) |
| 3:29 | Create | Villager (Male) |
| 4:06 | Create | Villager (Male) |
| 4:13 | Build | Lumber Camp |
| 4:16 | Create | Villager (Male) |
| 4:52 | Build | House |
| 4:59 | Create | Villager (Male) |
| 4:59 | Create | Villager (Male) |
| 5:34 | Create | Villager (Male) |
| 5:46 | Create | Villager (Male) |
| 6:05 | Build | House |
| 6:10 | Create | Villager (Male) |
| 6:12 | Create | Villager (Male) |
| 6:26 | Build | House |
| 6:38 | Create | Villager (Male) |
| 6:38 | Create | Villager (Male) |
| 7:02 | Build | Mill |
| 7:25 | Create | Villager (Male) |
| 7:37 | Create | Villager (Male) |
| 7:38 | Create | Villager (Male) |
| 8:04 | Build | House |
| 8:16 | Build | House |
| 8:25 | Build | Mining Camp |
| 8:31 | Build | House |
| 8:37 | Create | Villager (Male) |
| 8:42 | Build | House |
| 8:51 | Build | House |
| 8:57 | Build | House |
| 9:20 | Create | Villager (Male) |
| 9:24 | Build | House |
| 9:27 | Create | Villager (Male) |
| 10:03 | Create | Villager (Male) |
| 10:28 | Research | Loom |
| 10:30 | Research | Loom |
| 10:34 | Research | Feudal Age |
| 10:57 | Build | Barracks |
| 11:08 | Build | House |
| 11:37 | Build | Palisade Wall |
| 11:38 | Build | Palisade Wall |
| 11:40 | Build | Palisade Wall |
| 11:46 | Create | Villager (Male) |
| 12:58 | Create | Villager (Male) |
| 13:21 | Age | Feudal Age |
| 13:22 | Build | Archery Range |
| 13:25 | Build | Blacksmith |
| 13:26 | Build | Palisade Wall |
| 13:48 | Create | Spearman |
| 13:48 | Create | Spearman |
| 14:07 | Research | Castle Age |
| 14:10 | Build | House |
| 14:19 | Research | Double-Bit Axe |
| 14:36 | Build | House |
| 14:39 | Build | Palisade Wall |
| 14:42 | Build | Palisade Wall |
| 14:47 | Create | Spearman |
| 14:54 | Research | Fletching |
| 15:12 | Create | Villager (Male) |
| 15:30 | Build | House |
| 15:55 | Build | Archery Range |
| 16:09 | Create | Archer |
| 16:10 | Create | Archer |
| 16:15 | Build | House |
| 16:24 | Build | Palisade Wall |
| 16:46 | Create | Archer |
| 16:51 | Age | Castle Age |
| 16:52 | Build | Palisade Wall |
| 16:58 | Create | Villager (Male) |
| 17:07 | Research | Bodkin Arrow |
| 17:17 | Create | Villager (Male) |
| 17:19 | Research | Gold Mining |
| 17:26 | Create | Archer |
| 17:49 | Create | Villager (Male) |
| 17:50 | Create | Archer |
| 18:01 | Create | Archer |
| 18:02 | Create | Villager (Male) |
| 18:17 | Create | Archer |
| 18:18 | Create | Villager (Male) |
| 18:21 | Build | University |
| 18:38 | Create | Villager (Male) |
| 18:39 | Create | Archer |
| 18:39 | Create | Archer |
| 18:53 | Create | Archer |
| 19:12 | Create | Archer |
| 19:24 | Research | Crossbowman (upgrade) |
| 19:37 | Create | Archer |
| 19:40 | Create | Villager (Male) |
| 19:55 | Build | House |
| 19:56 | Build | House |
| 20:18 | Create | Archer |
| 20:18 | Create | Archer |
| 20:19 | Create | Villager (Male) |
| 20:30 | Create | Archer |
| 20:44 | Create | Villager (Male) |
| 20:46 | Create | Archer |
| 20:49 | Create | Spearman |
| 21:00 | Create | Villager (Male) |
| 21:07 | Build | Town Center |
| 21:13 | Create | Archer |
| 21:14 | Create | Archer |
| 21:17 | Build | Farm |
| 21:19 | Build | Farm |
| 21:19 | Build | Farm |
| 21:21 | Build | Farm |
| 21:34 | Create | Archer |
| 21:35 | Create | Archer |
| 21:35 | Create | Archer |
| 21:50 | Create | Villager (Male) |
| 22:33 | Create | Archer |
| 22:33 | Create | Archer |
| 22:43 | Create | Archer |
| 22:43 | Create | Villager (Male) |
| 22:59 | Create | Archer |
| 23:19 | Build | Farm |
| 23:19 | Build | Farm |
| 23:28 | Create | Archer |
| 23:28 | Create | Archer |
| 23:28 | Create | Archer |
| 23:29 | Create | Villager (Male) |
| 23:29 | Create | Villager (Male) |
| 23:59 | Create | Villager (Male) |
| 24:12 | Create | Archer |
| 24:12 | Create | Archer |
| 24:12 | Create | Archer |
| 24:27 | Create | Villager (Male) |
| 24:35 | Research | Ballistics |
| 24:40 | Create | Villager (Male) |
| 24:42 | Create | Archer |
| 24:42 | Create | Archer |
| 25:12 | Create | Archer |
| 25:12 | Create | Skirmisher |
| 25:12 | Create | Archer |
| 25:15 | Create | Archer |
| 25:15 | Create | Skirmisher |
| 25:16 | Create | Villager (Male) |
| 25:24 | Create | Archer |
| 25:25 | Create | Archer |
| 26:00 | Create | Archer |
| 26:00 | Create | Archer |
| 26:00 | Create | Archer |
| 26:01 | Create | Archer |
| 26:01 | Create | Villager (Male) |
| 26:02 | Create | Villager (Male) |
| 26:06 | Build | House |
| 26:06 | Build | House |
| 26:06 | Build | House |
Build order — Kensei-剣聖. Paulie
First 150 of 158 actions detected
| 1:12 | Build | Town Center |
| 2:09 | Build | House |
| 2:11 | Build | House |
| 3:09 | Create | Villager (Male) |
| 3:10 | Create | Villager (Male) |
| 3:10 | Create | Villager (Male) |
| 3:10 | Create | Villager (Male) |
| 4:32 | Create | Villager (Male) |
| 5:10 | Create | Villager (Male) |
| 5:27 | Create | Villager (Male) |
| 5:37 | Create | Villager (Male) |
| 5:51 | Build | Barracks |
| 6:10 | Build | Palisade Wall |
| 6:27 | Create | Villager (Male) |
| 6:27 | Create | Villager (Male) |
| 6:44 | Build | House |
| 6:48 | Create | Militia |
| 6:48 | Create | Militia |
| 7:11 | Create | Militia |
| 7:25 | Create | Villager (Male) |
| 7:43 | Create | Militia |
| 7:54 | Create | Militia |
| 8:52 | Create | Villager (Male) |
| 8:53 | Create | Villager (Male) |
| 9:12 | Create | Villager (Male) |
| 10:12 | Build | Lumber Camp |
| 10:14 | Create | Villager (Male) |
| 10:14 | Create | Villager (Male) |
| 11:04 | Create | Villager (Male) |
| 11:31 | Create | Villager (Male) |
| 11:43 | Research | Loom |
| 12:25 | Research | Feudal Age |
| 13:11 | Build | Mining Camp |
| 14:35 | Age | Feudal Age |
| 14:38 | Build | Archery Range |
| 14:46 | Create | Villager (Male) |
| 14:46 | Create | Villager (Male) |
| 14:51 | Build | Archery Range |
| 14:58 | Build | House |
| 15:16 | Create | Villager (Male) |
| 15:18 | Build | House |
| 15:50 | Create | Archer |
| 15:50 | Create | Archer |
| 15:51 | Create | Archer |
| 15:51 | Create | Archer |
| 16:22 | Create | Archer |
| 16:23 | Create | Archer |
| 16:24 | Create | Villager (Male) |
| 16:43 | Create | Villager (Male) |
| 16:49 | Build | Blacksmith |
| 17:28 | Create | Villager (Male) |
| 17:28 | Create | Villager (Male) |
| 17:31 | Build | House |
| 17:32 | Build | House |
| 17:35 | Research | Fletching |
| 17:35 | Research | Padded Archer Armor |
| 18:03 | Create | Villager (Male) |
| 18:08 | Create | Militia |
| 18:08 | Create | Militia |
| 18:12 | Create | Archer |
| 18:12 | Create | Archer |
| 18:13 | Create | Archer |
| 18:15 | Create | Archer |
| 18:55 | Create | Archer |
| 18:56 | Create | Archer |
| 18:56 | Create | Villager (Male) |
| 18:56 | Create | Villager (Male) |
| 19:08 | Create | Villager (Male) |
| 19:09 | Create | Archer |
| 19:09 | Create | Archer |
| 19:14 | Build | Mill |
| 19:51 | Create | Archer |
| 19:51 | Create | Archer |
| 20:03 | Create | Archer |
| 20:03 | Create | Archer |
| 20:13 | Create | Villager (Male) |
| 20:14 | Create | Villager (Male) |
| 20:30 | Create | Villager (Male) |
| 20:30 | Create | Villager (Male) |
| 20:35 | Build | Mill |
| 20:40 | Build | Mill |
| 20:42 | Create | Archer |
| 20:42 | Create | Archer |
| 20:46 | Build | House |
| 21:03 | Create | Villager (Male) |
| 21:03 | Create | Villager (Male) |
| 21:17 | Create | Archer |
| 21:17 | Create | Archer |
| 21:31 | Create | Villager (Male) |
| 21:32 | Create | Archer |
| 21:39 | Build | Farm |
| 21:43 | Create | Villager (Male) |
| 22:28 | Create | Villager (Male) |
| 22:28 | Create | Villager (Male) |
| 22:33 | Create | Villager (Male) |
| 22:34 | Create | Archer |
| 22:34 | Create | Archer |
| 22:35 | Create | Villager (Male) |
| 22:37 | Build | House |
| 22:38 | Build | House |
| 22:38 | Build | House |
| 22:39 | Build | House |
| 22:42 | Research | Wheelbarrow |
| 23:58 | Research | Castle Age |
| 24:16 | Create | Archer |
| 24:17 | Create | Archer |
| 24:28 | Build | House |
| 24:45 | Create | Archer |
| 24:46 | Create | Archer |
| 25:17 | Build | Lumber Camp |
| 25:57 | Create | Archer |
| 25:57 | Create | Archer |
| 25:58 | Create | Archer |
| 26:12 | Build | Stable |
| 26:37 | Create | Villager (Male) |
| 26:37 | Create | Villager (Male) |
| 26:40 | Age | Castle Age |
| 26:45 | Research | Crossbowman (upgrade) |
| 26:54 | Research | Bodkin Arrow |
| 27:00 | Create | Scout Cavalry |
| 27:00 | Create | Scout Cavalry |
| 27:22 | Create | Villager (Male) |
| 27:30 | Build | Siege Workshop |
| 28:00 | Create | Archer |
| 28:01 | Create | Archer |
| 28:01 | Create | Archer |
| 28:19 | Create | Battering Ram |
| 28:33 | Create | Villager (Male) |
| 28:34 | Create | Villager (Male) |
| 28:53 | Build | Town Center |
| 28:54 | Create | Villager (Male) |
| 28:55 | Create | Villager (Male) |
| 28:55 | Create | Villager (Male) |
| 29:11 | Create | Villager (Male) |
| 29:11 | Create | Villager (Male) |
| 29:13 | Create | Knight |
| 29:15 | Create | Knight |
| 29:32 | Build | Mill |
| 30:09 | Create | Archer |
| 30:10 | Create | Archer |
| 30:10 | Create | Archer |
| 30:17 | Create | Battering Ram |
| 30:32 | Create | Villager (Male) |
| 30:34 | Create | Archer |
| 30:34 | Create | Archer |
| 30:51 | Create | Battering Ram |
| 31:45 | Create | Villager (Male) |
| 32:01 | Create | Knight |
| 32:02 | Create | Villager (Male) |
| 32:32 | Create | Archer |
Match timeline
| 1:20 | Budd1st · wall_segment Palisade Wall x1 |
| 1:23 | Budd1st · wall_segment Palisade Wall x1 |
| 5:51 | Kensei-剣聖. Paulie · first_building Barracks |
| 6:10 | Kensei-剣聖. Paulie · wall_segment Palisade Wall x1 |
| 6:50 | Budd1st · wall_segment Palisade Wall x1 |
| 7:01 | Wintorez_v3.0.2 · wall_segment Palisade Wall x5 |
| 7:05 | Wintorez_v3.0.2 · wall_segment Palisade Wall x4 |
| 8:24 | Nezdeshni · wall_segment Palisade Wall x2 |
| 9:30 | JamesGoldAA · first_building Barracks |
| 10:22 | Кислый · first_building Barracks |
| 10:50 | Wintorez_v3.0.2 · wall_segment Palisade Wall x1 |
| 10:57 | B3RS3RK · first_building Barracks |
| 11:05 | JamesGoldAA · age_up feudal |
| 11:06 | JamesGoldAA · first_building Archery Range |
| 11:13 | Wintorez_v3.0.2 · first_building Barracks |
| 11:20 | Nezdeshni · first_building Barracks |
| 11:37 | B3RS3RK · wall_segment Palisade Wall x1 |
| 11:38 | B3RS3RK · wall_segment Palisade Wall x1 |
| 11:40 | B3RS3RK · wall_segment Palisade Wall x1 |
| 11:51 | JamesGoldAA · wall_segment Palisade Wall x1 |
| 11:52 | JamesGoldAA · wall_segment Palisade Wall x1 |
| 11:53 | Budd1st · age_up feudal |
| 12:02 | Wintorez_v3.0.2 · age_up feudal |
| 12:07 | Wintorez_v3.0.2 · first_building Stable |
| 12:11 | Budd1st · first_building Barracks |
| 12:16 | Budd1st · wall_segment Palisade Wall x1 |
| 12:23 | Кислый · age_up feudal |
| 12:27 | Кислый · first_building Archery Range |
| 12:28 | JamesGoldAA · wall_segment Palisade Wall x4 |
| 12:31 | JamesGoldAA · wall_segment Palisade Wall x3 |
| 12:51 | Nezdeshni · age_up feudal |
| 12:58 | Nezdeshni · first_building Stable |
| 13:21 | B3RS3RK · age_up feudal |
| 13:22 | B3RS3RK · first_building Archery Range |
| 13:26 | B3RS3RK · wall_segment Palisade Wall x4 |
| 13:36 | Budd1st · first_building Archery Range |
| 14:05 | The FroZen BlaDe · age_up feudal |
| 14:13 | Wintorez_v3.0.2 · first_building Archery Range |
| 14:19 | Budd1st · wall_segment Palisade Wall x1 |
| 14:25 | Кислый · wall_segment Palisade Wall x1 |
| 14:27 | Кислый · wall_segment Palisade Wall x3 |
| 14:35 | Kensei-剣聖. Paulie · age_up feudal |
| 14:38 | Kensei-剣聖. Paulie · first_building Archery Range |
| 14:39 | B3RS3RK · wall_segment Palisade Wall x7 |
| 14:42 | B3RS3RK · wall_segment Palisade Wall x4 |
| 15:10 | Nezdeshni · wall_segment Palisade Wall x2 |
| 15:11 | Кислый · wall_segment Palisade Wall x1 |
| 15:12 | Кислый · wall_segment Palisade Wall x1 |
| 15:47 | Wintorez_v3.0.2 · wall_segment Palisade Wall x8 |
| 16:24 | B3RS3RK · wall_segment Palisade Wall x4 |
| 16:51 | B3RS3RK · age_up castle |
| 16:52 | B3RS3RK · wall_segment Palisade Wall x4 |
| 17:14 | Кислый · first_building Stable |
| 18:38 | Budd1st · wall_segment Palisade Wall x1 |
| 18:39 | Budd1st · wall_segment Palisade Wall x1 |
| 19:11 | Nezdeshni · age_up castle |
| 21:33 | JamesGoldAA · age_up castle |
| 22:35 | Budd1st · first_building Stable |
| 22:42 | Budd1st · wall_segment Palisade Wall x1 |
| 22:50 | Budd1st · wall_segment Palisade Wall x1 |
| 22:52 | Budd1st · wall_segment Palisade Wall x1 |
| 22:54 | Budd1st · wall_segment Palisade Wall x1 |
| 22:55 | Budd1st · wall_segment Palisade Wall x1 |
| 23:00 | Кислый · first_market_sell 500 stone |
| 23:04 | Кислый · first_market_buy 100 food |
| 23:12 | The FroZen BlaDe · age_up castle |
| 23:38 | The FroZen BlaDe · first_building Siege Workshop |
| 24:14 | The FroZen BlaDe · first_market_sell 100 food |
| 24:36 | Wintorez_v3.0.2 · first_market_buy 100 food |
| 24:53 | Wintorez_v3.0.2 · first_market_sell 100 wood |
| 25:48 | Budd1st · age_up castle |
| 26:00 | Кислый · age_up castle |
| 26:12 | Kensei-剣聖. Paulie · first_building Stable |
| 26:40 | Kensei-剣聖. Paulie · age_up castle |
| 26:50 | Кислый · first_building Siege Workshop |
| 26:54 | The FroZen BlaDe · first_building Barracks |
| 27:30 | Kensei-剣聖. Paulie · first_building Siege Workshop |
| 27:45 | The FroZen BlaDe · first_building Castle |
| 27:54 | Wintorez_v3.0.2 · age_up castle |
| 27:57 | Nezdeshni · first_building Castle |
| 28:07 | B3RS3RK · wall_segment Palisade Wall x1 |
| 28:08 | B3RS3RK · wall_segment Palisade Wall x1 |
| 28:43 | Кислый · first_building Castle |
| 28:47 | The FroZen BlaDe · first_building Stable |
| 29:37 | JamesGoldAA · first_market_buy 100 stone |
| 29:39 | Nezdeshni · first_building Siege Workshop |
| 29:50 | JamesGoldAA · first_building Castle |
| 33:30 | JamesGoldAA · resign |
| 34:43 | B3RS3RK · first_building Castle |
[ AI ANALYSIS · 1 CREDIT ]
What really happened in this match?
Wolo.gg analyzes every decision: build order, eco, micro, common mistakes by bracket. Personalized analysis on WhatsApp or Discord in 30 seconds.
Civ guide
Wei
Perfil
Wintorez_v3.0.2